 Dungeon Crawl Stone Soup version 0.31-a0-193-gdfe2569204 (webtiles) character file.

Game seed: 4543559347779641836

88 qw the Shooter (level 4, 0/25 HPs)
             Began as a Deep Elf Hunter on June 24, 2023.
             Slain by a goblin
             ... wielding a +0 dagger
             ... led by Robin
              (3 damage)
             ... on level 3 of the Dungeon.
             The game lasted 00:01:02 (1639 turns).

qw the Shooter (Deep Elf Hunter)                    Turns: 1639, Time: 00:01:03

Health: 0/25       AC:  6    Str: 10    XL:     4   Next: 30%
Magic:  6/6        EV: 11    Int: 14    God:
Gold:   145        SH:  0    Dex: 18    Spells: 3/3 levels left

rFire   . . .        Y - +9 longbow (drain)
rCold   . . .        (shield currently unavailable)
rNeg    . . .        f - +0 ring mail
rPois   .            (no helmet)
rElec   .            (no cloak)
rCorr   .            (no gloves)
SInv    .            c - +0 pair of boots
Will    +....        (no amulet)
Stlth   +            g - ring of willpower
HPRegen 0.24/turn    (no ring)
MPRegen 0.10/turn

%: no passive effects
@: about to teleport
A: no striking features
a: no special abilities


You were on level 3 of the Dungeon.
You visited 1 branch of the dungeon, and saw 3 of its levels.

You collected 145 gold pieces.


   Skills:
 - Level 1.5 Fighting
 + Level 7.7 Ranged Weapons
 - Level 2.4 Dodging
 - Level 1.2 Stealth


You had 3 spell levels left.
You didn't know any spells.
Your spell library was empty.

Inventory:

Hand Weapons
 Y - a +9 longbow of draining (weapon)
Armour
 c - a +0 pair of boots (worn)
 f - a +0 ring mail (worn)
Jewellery
 g - a ring of willpower (left hand)
 h - an amulet of regeneration
Scrolls
 b - a scroll of identify
Potions
 a - a potion of attraction {unknown}
 d - a potion of degeneration {unknown}
 e - 2 potions of curing
 i - a potion of cancellation {unknown}
 k - a potion of ambrosia {unknown}

Dungeon Overview and Level Annotations

Branches:
Dungeon (3/15)

Altars:
Ru

Annotations:
D:3 Robin


Message History

Robin of the Strong Arm comes into view.
They are wielding a +3 dagger of pain.
A hobgoblin comes into view.
Robin roars a battlecry!
The goblins go into a battle-frenzy!
A goblin comes into view. It is wielding a +0 dagger.
The hobgoblin shouts!
You shoot an arrow. The arrow barely misses the goblin.
The goblin shouts!
The arrow hits the hobgoblin.
The hobgoblin is severely wounded.
Robin says, "Kneel, worm!"
Robin throws the goblin at you! The goblin hits you with a +0 dagger.
A hobgoblin comes into view. x2
You shoot an arrow. The arrow hits the goblin!
You kill the goblin!
The goblin hits you with a +0 dagger.
You shoot an arrow. The arrow hits the goblin.
You kill the goblin!
You shoot an arrow. The arrow hits the goblin!
You kill the goblin!
The goblin hits you but does no damage.
You shoot an arrow. The arrow barely misses the hobgoblin.
The hobgoblin hits you. The goblin hits you but does no damage.
A hobgoblin comes into view.
The hobgoblin hits you.
1636 ||| Stepping ~*~*~tactically~*~*~ (outnumbered).
You shoot an arrow.
The arrow completely misses the hobgoblin.
The arrow hits the hobgoblin!
You kill the hobgoblin!
The hobgoblin hits you. The goblin hits you with a +0 dagger.
1638 ||| READING scroll of teleportation.
As you read the scroll of teleportation, it crumbles to dust.
You feel strangely unstable. The hobgoblin closely misses you.
The goblin hits you but does no damage.
You shoot an arrow. The arrow hits the hobgoblin!
You kill the hobgoblin!
The goblin no longer looks unusually strong.
The hobgoblin hits you. The goblin hits you with a +0 dagger.
You die...

############ ####
#......#...#..~~##
#..gg..'...').~~~#
#.g.@..#...#.)~~~##
#'g##..#########~~#
#..
#..........#~~##
#..
#........).'...#
#..
#.....(....'...#
#..
#.......)..'...##
#..
#..........#~~..#
#g.
#..#########~~#.#
#..# .~~~#...


You could see Robin, 2 hobgoblins and a goblin.

Vanquished Creatures
  An adder (D:3)
  A worm (D:3)
  3 dart slugs
  An orc (D:3)
  8 ball pythons
  6 bats
  3 endoplasms
  3 giant cockroaches
  11 goblins
  7 hobgoblins
  6 jackals
  2 quokkas
  A frilled lizard (D:3)
  7 kobolds
  3 rats
63 creatures vanquished.

Notes
Turn   | Place    | Note
-------+----------+-------------------------------------------
     0 | D:1      | qw the Deep Elf Hunter began the quest for the Orb.
     0 | D:1      | Reached XP level 1. HP: 12/12 MP: 3/3
     0 | D:1      | 0 ||| qw: Version: 0.3-a-9-g12657ce
     0 | D:1      | 0 ||| qw: Game counter: 4726
     0 | D:1      | 0 ||| qw: Always use a shield: true
     0 | D:1      | 0 ||| qw: God list: Okawaru
     0 | D:1      | 0 ||| qw: Allow faded altars: false
     0 | D:1      | 0 ||| qw: Do Orc after D:15 true
     0 | D:1      | 0 ||| qw: Do second Lair branch before Depths: true
     0 | D:1      | 0 ||| qw: Lair rune preference: random
     0 | D:1      | 0 ||| qw: Plans: Normal
     0 | D:1      | 0 ||| PLANNING D:1-11
   144 | D:1      | Reached XP level 2. HP: 11/16 MP: 4/4
   209 | D:1      | Reached skill level 6 in Ranged Weapons
   458 | D:1      | 458 ||| UPGRADING to +0 ring mail.
   468 | D:1      | 468 ||| DROPPING +0 leather armour.
   469 | D:1      | 469 ||| READING scroll labelled OMEFFA ZIOSE.
   473 | D:1      | 473 ||| READING scroll labelled BOVIPH XOIPLE.
   502 | D:1      | 502 ||| DROPPING scroll of butterflies.
   639 | D:2      | Reached XP level 3. HP: 20/20 MP: 5/5
   791 | D:2      | Found a sacrificial altar of Ru.
   874 | D:2      | Reached skill level 7 in Ranged Weapons
   963 | D:2      | 963 ||| UPGRADING to +0 pair of boots.
   968 | D:2      | 968 ||| UPGRADING to ring of willpower.
   969 | D:2      | 969 ||| READING scroll labelled FITHEM VEEDAE.
   969 | D:2      | Identified a scroll of acquirement
   969 | D:2      | 969 ||| ACQUIRING +9 longbow of draining
   969 | D:2      | Acquired a +9 longbow of draining
   971 | D:2      | 971 ||| SWAPPING to +9 longbow of draining.
   972 | D:2      | 972 ||| DROPPING +0 shortbow.
   973 | D:2      | 973 ||| READING scroll labelled BOBYOP UMUIZ.
   974 | D:2      | 974 ||| READING 2 scrolls labelled LABRAA RUTWUM.
   975 | D:2      | 975 ||| READING scroll labelled IGIXUY AWACIBE.
   976 | D:2      | 976 ||| READING scroll labelled DIARAG NIUGRU.
   977 | D:2      | 977 ||| READING scroll labelled LUXKIPNIHUM.
   978 | D:2      | 978 ||| DRINKING 3 amethyst potions.
   979 | D:2      | 979 ||| DROPPING scroll of noise.
  1513 | D:3      | Reached XP level 4. HP: 25/25 MP: 6/6
  1515 | D:3      | 1515 ||| FLEEEEING.
  1516 | D:3      | 1516 ||| FLEEEEING.
  1517 | D:3      | 1517 ||| FLEEEEING.
  1518 | D:3      | 1518 ||| FLEEEEING.
  1630 | D:3      | Noticed Robin
  1636 | D:3      | 1636 ||| Stepping ~*~*~tactically~*~*~ (outnumbered).
  1637 | D:3      | HP: 5/25 [goblin/+0 dagger[Robin] (5)]
  1638 | D:3      | 1638 ||| READING scroll of teleportation.
  1639 | D:3      | Slain by a goblin

Levels and vault maps discovered:
D:1:      psy_arrival_fountain, layout_rooms, minmay_tetromino_t2
D:2:      layout_basic, basic_altar
D:3:      kennysheep_goblin_castle, layout_basic, minmay_puff

Skill      XL: |  1  2  3 |
---------------+----------+-----
Ranged Weapons | 6 7 |  7.7
Fighting       | |  1.5
Dodging        | |  2.4
Stealth        | |  1.2

Action                     |  1- 3 |  4- 6 || total
---------------------------+-------+-------++-------
   Fire: Shortbow          |    92 |       ||    92
         Longbow           |    21 |    18 ||    39
    Use: Scroll            |     8 |     1 ||     9
         Potion            |     1 |       ||     1
 Armour: Leather armour    |     7 |       ||     7
         Ring mail         |     7 |     5 ||    12
  Dodge: Dodged            |    31 |     2 ||    33

Table legend:
 A = Non-vault XP
 B = Vault XP
 C = Vault XP percentage of total XP
 D = Non-vault monster count
 E = Vault monster count
 F = Vault count percentage of total count
                 A         B        C        D         E       F
            +---------+---------+-------+---------+---------+-------
      Total |      88 |      41 |  31.8 |      45 |      18 |  28.6
            +---------+---------+-------+---------+---------+-------
        D:1 |      18 |       3 |  14.3 |      10 |       2 |  16.7
        D:2 |      45 |       0 |   0.0 |      23 |       0 |   0.0
        D:3 |      25 |      38 |  60.3 |      12 |      16 |  57.1
            +---------+---------+-------+---------+---------+-------
